 Dungeon Crawl Stone Soup version 0.27.1-34-g3ba077fa99 (webtiles) character file.

Game seed: 18088028512877717000

321 sankara the Ruffian (level 6, -2/47 HPs)
             Began as a Minotaur Transmuter on Jan 17, 2022.
             Slain by a kobold (3 damage)
             ... in a sewer.
             The game lasted 00:10:42 (3395 turns).

sankara the Ruffian (Minotaur Transmuter)           Turns: 3395, Time: 00:10:43

Health: -2/47      AC:  4    Str: 12 (14) XL:     6   Next: 22%
Magic:  7/7        EV: 12    Int: 11 (12) God:
Gold:   189        SH:  0    Dex: 10 (11) Spells: 2/8 levels left

rFire    + . .     SeeInvis .     - Unarmed
rCold    + . .     Faith    .   (no shield)
rNeg     . . .     Spirit   .   a - +0 robe
rPois    +         Reflect  .   (helmet currently unavailable)
rElec    +         Harm     .   r - +0 cloak {rCorr}
rCorr    +         Rampage  .   m - +0 pair of gloves
Will     .....                  (boots currently unavailable)
Stlth    +.........             c - amulet of the acrobat
HPRegen  0.15/turn              (no ring)
MPRegen  0.10/turn              (no ring)

@: confused, lethally poisoned (-2 -> -6), appendages (expiring), resistant,
ambrosia-drunk, flying, very slightly contaminated
A: talons 2, horns 2, retaliatory headbutt
a: End Transformation


You were in a sewer.
You had temporarily grown beastly talons.
You visited 1 branch of the dungeon, and saw 4 of its levels.
You also visited: Sewer.

You collected 189 gold pieces.

Inventory:

Hand Weapons
 e - a +1 hunting sling
Missiles
 j - 109 stones
Armour
 a - a +0 robe (worn)
 m - a +0 pair of gloves (worn)
 n - a +0 chain mail
 r - a +0 cloak of preservation (worn)
 t - a +0 cloak
Jewellery
 b - an amulet of faith
 c - an amulet of the acrobat (around neck)
Scrolls
 d - a scroll of noise
 f - a scroll of holy word {unknown}
 g - a scroll of teleportation
 l - a scroll of identify {unknown}
 s - a scroll of amnesia {unknown}
Potions
 q - 2 potions of flight


   Skills:
 - Level 1.2 Fighting
 - Level 2.1 Dodging
 * Level 6.2 Unarmed Combat
 - Level 1.5 Spellcasting
 + Level 3.1 Transmutations
 + Level 1.2 Poison Magic


You had 2 spell levels left.
You knew the following spells:

 Your Spells              Type           Power      Damage    Failure   Level
a - Beastly Appendage     Tmut           14%        N/A       9%          1
b - Wereblood             Tmut           7%         N/A       13%         2
c - Spider Form           Tmut/Pois      2%         N/A       36%         3

Your spell library contained the following spells:

 Spells                   Type           Power      Damage    Failure   Level
 Corona                   Hex            0%         N/A       30%         1
 Ensorcelled Hibernation  Hex/Ice        0%         N/A       43%         2
 Gell's Gravitas          Tloc           0%         N/A       67%         3
 Portal Projectile        Hex/Tloc       0%         N/A       67%         3
 Teleport Other           Tloc           0%         N/A       67%         3
 Tukima's Dance           Hex            0%         N/A       67%         3
 Ice Form                 Ice/Tmut       4%         N/A       85%         4
 Blade Hands              Tmut           3%         N/A       93%         5
 Excruciating Wounds      Necr           0%         N/A       100%        5
 Dispersal                Tloc           0%         N/A       100%        6


Dungeon Overview and Level Annotations

Branches:
Dungeon (4/15)              Sewer (1/1)
 Temple: D:4-7

Altars:


Innate Abilities, Weirdness & Mutations

You have temporarily grown beastly talons.
You have a pair of horns on your head.
You reflexively headbutt those who attack you in melee.


Message History

* * * LOW HITPOINT WARNING * * *
The kobold hits you with a +2 short sword of electrocution.
* * * LOW HITPOINT WARNING * * *
The kobold barely misses you. x2
It was a potion of ambrosia.
You are confused.
You feel invigorated.
* * * LOW HITPOINT WARNING * * *
You feel very sick. The kobold barely misses you.
The kobold brigand closely misses you. The kobold barely misses you. x2
It was a potion of resistance.
You feel protected.
You feel sick.
The kobold brigand hits you with a +0 short sword.
* * * LOW HITPOINT WARNING * * *
The kobold hits you with a +2 short sword of electrocution.
* * * LOW HITPOINT WARNING * * *
The kobold barely misses you.
The kobold hits you with a +1 short sword of venom.
* * * LOW HITPOINT WARNING * * *
Unknown command.
It was a potion of flight.
You feel very buoyant.
You fly up into the air.
* * * LOW HITPOINT WARNING * * *
You feel sick. The kobold brigand barely misses you.
The kobold barely misses you.
The kobold hits you with a +0 short sword.
* * * LOW HITPOINT WARNING * * *
The kobold closely misses you.
Okay, then.
You barely miss the kobold.
* * * LOW HITPOINT WARNING * * *
You feel sick.
The kobold hits you with a +2 short sword of electrocution.
* * * LOW HITPOINT WARNING * * *
The kobold brigand barely misses you.
The kobold hits you with a +0 short sword.
You die...

. P≈
≈≈≈#################
≈≈≈≈≈≈≈≈≈≈≈≈≈≈≈≈≈≈≈#
≈≈≈≈≈≈≈≈≈≈≈≈≈≈≈≈≈≈≈#
≈≈≈≈≈≈≈≈≈≈≈≈≈≈≈≈≈≈≈#
######≈≈########'###
....≈P≈≈≈K#!...#...#
.P..≈≈≈r.@KK.∩.#.∩.#
.........KK!.!.#.∩.#
......P...#..!.#####
........########
.....##.# ##### ###


You could see a kobold brigand, 4 kobolds and a rat.

Vanquished Creatures
  A black bear (D:4)
  A scorpion (D:4)
  Crazy Yiuf (D:3)
  Terence (D:3)
  A gnoll (D:2)
  4 adders
  An ufetubus (D:4)
  2 worms (D:2)
  6 orcs
  7 bats
  9 endoplasms
  A giant cockroach (D:1)
  6 goblins
  6 hobgoblins
  3 quokkas
  5 ball pythons
  4 frilled lizards
  6 kobolds
  4 rats
69 creatures vanquished.

Notes
Turn   | Place    | Note
-------+----------+-------------------------------------------
     0 | D:1      | sankara the Minotaur Transmuter began the quest for the
                  | Orb.
     0 | D:1      | Reached XP level 1. HP: 16/16 MP: 1/1
   393 | D:1      | Reached XP level 2. HP: 22/23 MP: 0/3
   442 | D:1      | Learned a level 2 spell: Wereblood
   565 | D:1      | Found a faded altar of an unknown god.
   734 | D:1      | Reached skill level 4 in Unarmed Combat
  1268 | D:2      | Reached XP level 3. HP: 15/28 MP: 1/4
  2007 | D:2      | Reached XP level 4. HP: 35/35 MP: 2/5
  2321 | D:3      | Reached skill level 5 in Unarmed Combat
  2460 | D:3      | Learned a level 3 spell: Spider Form
  2518 | D:3      | Found a runed translucent door.
  2519 | D:3      | Noticed Crazy Yiuf
  2580 | D:3      | Noticed Terence
  2588 | D:3      | Killed Terence
  2870 | D:3      | Killed Crazy Yiuf
  2871 | D:3      | Reached XP level 5. HP: 40/40 MP: 2/6
  2972 | D:4      | Noticed a phantom
  3137 | D:4      | Found a glowing drain.
  3224 | D:4      | Noticed a black bear
  3232 | D:4      | Killed a black bear
  3233 | D:4      | Reached skill level 6 in Unarmed Combat
  3233 | D:4      | Reached skill level 1 in Poison Magic
  3233 | D:4      | Reached XP level 6. HP: 26/47 MP: 3/7
  3274 | Sewer    | Entered a sewer
  3393 | Sewer    | HP: 1/47 [kobold (4)]
  3395 | Sewer    | Slain by a kobold

Illustrated notes

Levels and vault maps discovered:
D:1:      shiori_arrival_oz, layout_rooms,
          chequers_ecumenical_altar_simple_redux, minmay_misc_feat_x,
          kennysheep_nondescript, minmay_tromino_v4_c
D:2:      kennysheep_six_static_rooms, layout_basic, glass_columns_a,
          minmay_misc_feat_nine_boxes, dk_noncrumbling_4
D:3:      layout_rooms, minmay_misc_feat_diagonals, uniq_terence,
          uniq_crazy_yiuf_cottage
D:4:      layout_basic, portal_sewer_entry_a, minmay_misc_feat_columns
Sewer:    kennysheep_pipe_town

Skill      XL: |  1  2  3  4  5 |
---------------+----------------+-----
Unarmed Combat | 4 5 6 |  6.2
Transmutations | 2 3 |  3.1
Poison Magic   | 1 |  1.2
Fighting       | |  1.2
Dodging        | |  2.1
Spellcasting   | |  1.5

Action                   |  1- 3 |  4- 6 || total
-------------------------+-------+-------++-------
Melee: Unarmed           |    74 |    82 ||   156
       Kick              |     9 |    13 ||    22
       Headbutt          |    10 |     9 ||    19
       Punch             |       |     1 ||     1
 Cast: Beastly Appendage |    28 |    19 ||    47
       Spider Form       |       |     4 ||     4
  Use: Scroll            |       |     5 ||     5
       Potion            |       |     4 ||     4
Armor: Robe              |     9 |     9 ||    18
       Skin              |       |     1 ||     1
Dodge: Dodged            |    49 |    91 ||   140
